Blackdemons vs Remparts
Created - February 26, 2019 at 19:25
Goals
|
| Blackdemons |
1 |
2 |
0 |
3 |
| Remparts |
2 |
1 |
1 |
4 |
|
Shots
|
| Blackdemons |
17 |
11 |
5 |
33 |
| Remparts |
7 |
12 |
12 |
31 |
|
1st period
1. Remparts , Ryan Strome 22 (Michael Downing 1, Daniel Paille 28) at 7:31
2. Blackdemons , James Livingstone 1 (Yannick Weber 35) at 11:50
3. Remparts , Max Reinhart 27 (Guillaume Desbiens 37, Pontus Aberg 29) at 19:20 (PP)
Penalties :
Martin Hanzal (MJM) for Hooking (Minor) at 18:01
2nd period
4. Remparts , Nail Yakupov 16 (Brandon Gormley 55) at 2:47
5. Blackdemons , Sergei Plotnikov 18 (James Livingstone 3, Scott Timmins 21) at 6:46
6. Blackdemons , Kyle Rau 7 (Yannick Weber 36, Ladislav Nagy 25) at 11:09
Penalties :
Max Friberg (MJM) for Roughing (Minor) at 3:08
3rd period
7. Remparts , Brandon Mashinter 19 (Nail Yakupov 14, Max Reinhart 41) at 17:14
Penalties :
Martin Hanzal (MJM) for Tripping (Minor) at 11:47
Goalie Stats
Matt Hackett (MJM), 27 saves from 31 shots - (0.871), L, 32-8-0, 59:11 minutes
Jason Missiaen (Que), 30 saves from 33 shots - (0.909), W, 22-12-2, 60:00 minutes
Players Stats for Blackdemons
Player Name G A P +/- PIM S H SB GA TA FO MP PP MP PK MP
------------------------------------------------------------------------------------
Alexandre Grenier 0 0 0 -1 0 3 0 0 0 0 0/0 18:47 0:00 0:05
Blake Pietila 0 0 0 -1 0 3 1 0 1 0 0/1 19:14 0:00 0:05
Brett Kulak 0 0 0 0 0 0 0 2 0 1 0/0 11:50 0:00 0:00
Charles-Olivier Roussel 0 0 0 1 0 0 0 0 0 1 0/0 6:28 0:00 2:36
Hudson Fasching 0 0 0 -1 0 0 2 0 0 0 0/0 13:18 0:00 0:00
James Livingstone 1 1 2 2 0 2 0 0 1 0 0/0 6:31 0:00 0:00
Jeffrey Foss 0 0 0 -1 0 0 3 2 0 0 0/0 19:53 0:00 2:41
Kyle Rau 1 0 1 0 0 2 1 0 1 0 11/15 15:38 0:00 2:35
Ladislav Nagy 0 1 1 0 0 3 0 0 0 0 1/2 17:16 0:00 2:37
Martin Hanzal 0 0 0 -1 4 7 2 0 1 1 12/25 18:21 0:00 0:00
Max Friberg 0 0 0 0 2 5 1 1 0 0 2/2 15:46 0:00 0:00
Patrice Cormier 0 0 0 0 0 0 0 0 1 1 7/17 18:25 0:00 2:37
Randy Jones 0 0 0 0 0 0 0 1 1 2 0/0 24:25 0:00 2:36
Robbie Russo 0 0 0 0 0 0 3 2 0 0 0/0 11:50 0:00 0:00
Roman Josi 0 0 0 0 0 2 2 0 1 0 0/0 21:49 0:00 0:00
Scott Timmins 0 1 1 1 0 0 2 0 0 1 2/5 17:28 0:00 0:00
Sergei Plotnikov 1 0 1 1 0 3 3 0 1 0 0/0 11:12 0:00 2:35
Tommy Vannelli 0 0 0 1 0 0 0 0 0 1 0/0 3:52 0:00 0:00
Yannick Weber 0 2 2 -1 0 1 0 1 0 1 0/0 19:53 0:00 2:41
Zachary Sanford 0 0 0 0 0 2 0 0 0 0 0/0 2:44 0:00 0:00
Players Stats for Remparts
Player Name G A P +/- PIM S H SB GA TA FO MP PP MP PK MP
------------------------------------------------------------------------------------
Brandon Gormley 0 1 1 -1 0 1 0 1 0 1 0/0 27:08 3:42 0:00
Brandon Mashinter 1 0 1 2 0 5 2 0 0 1 2/6 12:02 0:00 0:00
Cédric Lalonde-McNicoll 0 0 0 1 0 0 1 0 0 0 8/15 17:14 2:30 0:00
Chris Mueller 0 0 0 0 0 0 1 0 0 0 1/3 9:31 0:00 0:00
Daniel Paille 0 1 1 1 0 4 0 0 2 0 3/3 18:00 2:30 0:00
Griffin Reinhart 0 0 0 0 0 2 1 1 0 1 0/0 19:15 1:35 0:00
Guillaume Desbiens 0 1 1 -3 0 4 5 0 5 1 2/4 20:27 2:47 0:00
Justin Williams 0 0 0 0 0 1 1 1 0 0 1/1 9:31 0:00 0:00
Juuso Ikonen 0 0 0 0 0 0 0 0 0 0 0/0 9:31 0:00 0:00
Keaton Thompson 0 0 0 1 0 0 1 0 0 0 0/0 13:37 0:00 0:00
Max Reinhart 1 1 2 -3 0 6 0 1 0 1 14/31 21:13 2:47 0:00
Michael Downing 0 1 1 1 0 0 1 2 0 0 0/0 13:37 0:00 0:00
Michal Jordan 0 0 0 -1 0 2 1 2 2 1 0/0 26:22 3:42 0:00
Nail Yakupov 1 1 2 2 0 1 3 0 0 0 0/0 12:05 0:02 0:00
Niklas Hansson 0 0 0 0 0 1 0 0 0 1 0/0 20:01 1:35 0:00
Pontus Aberg 0 1 1 -3 0 1 1 0 0 0 1/4 20:27 2:47 0:00
Roberts Lipsbergs 0 0 0 2 0 2 2 0 0 1 0/0 12:02 0:00 0:00
Ryan Strome 1 0 1 1 0 1 4 1 0 0 0/0 17:57 2:28 0:00
3 Stars
1 - Nail Yakupov (Que)
2 - James Livingstone (MJM)
3 - Ryan Strome (Que)
Power Play
Blackdemons - 0 on 0 Attempt(s) - 0.00%
Remparts - 1 on 3 Attempt(s) - 33.33%
Penalty Kill
Blackdemons - 2 on 3 Attempt(s) - 66.67%
- Score 0 goal in Penalty Kill
Remparts - 0 on 0 Attempt(s) - 0.00%
- Score 0 goal in Penalty Kill
Team Stat
Blackdemons - Hits : 20 - Faceoff Wins : 35 - Blocked Shots : 9 - Penalty Minutes : 6
Remparts - Hits : 24 - Faceoff Wins : 32 - Blocked Shots : 9 - Penalty Minutes : 0
Official
Referees : Unknown
Linesman : Unknown
Game Notes
Zachary Sanford is injured at 9:38 of 1st period (Bruised Left Foot)
11:09 of 2nd period - Blackdemons goal is going for a video replay. After video review, Goal.
Finance
Level 1 -- Attendance: 1548 (77.40%) -- Ticket Income $46,440
Level 2 -- Attendance: 785 (78.50%) -- Ticket Income $15,700
Total Attendance: 2333 (77.77%)
Total Ticket Income: $62,140
Other Income: $3,107
Total Income: $65,247
Blackdemons
5 vs 5 Forward
Center Left Wing Right Wing Time % Phy DF OF
1 Martin Hanzal Blake Pietila Alexandre Grenier 36 0 1 4
2 Patrice Cormier Zachary Sanford Max Friberg 30 0 1 4
3 Kyle Rau Ladislav Nagy Hudson Fasching 24 0 2 3
4 Scott Timmins Sergei Plotnikov James Livingstone 10 0 1 4
5 vs 5 Defense
Defense Defense Time % Phy DF OF
1 Randy Jones Roman Josi 40 0 4 1
2 Jeffrey Foss Yannick Weber 30 0 4 1
3 Brett Kulak Robbie Russo 22 0 5 0
4 Charles-Olivier Roussel Tommy Vannelli 8 0 5 0
PowerPlay Forward
Center Left Wing Right Wing Time % Phy DF OF
1 Patrice Cormier Zachary Sanford Alexandre Grenier 50 0 0 5
2 Martin Hanzal Blake Pietila Hudson Fasching 50 0 0 5
PowerPlay Defense
Defense Defense Time % Phy DF OF
1 Jeffrey Foss Yannick Weber 50 0 1 4
2 Randy Jones Roman Josi 50 0 1 4
Penalty Kill 4 Players Forward
Center Wing Time % Phy DF OF
1 Patrice Cormier Ladislav Nagy 50 0 5 0
2 Kyle Rau Sergei Plotnikov 50 0 5 0
Penalty Kill 4 Players Defense
Defense Defense Time % Phy DF OF
1 Yannick Weber Jeffrey Foss 50 0 5 0
2 Charles-Olivier Roussel Randy Jones 50 0 5 0
Penalty Kill - 3 Players Forward
Forward Time % Phy DF OF
1 Patrice Cormier 60 0 5 0
2 Martin Hanzal 40 0 5 0
Penalty Kill - 3 Players Defense
Defense Defense Time % Phy DF OF
1 Yannick Weber Roman Josi 60 0 5 0
2 Jeffrey Foss Randy Jones 40 0 5 0
4 vs 4 Forward
Center Wing Time % Phy DF OF
1 Kyle Rau Martin Hanzal 50 1 2 2
2 Ladislav Nagy Patrice Cormier 50 1 2 2
4 vs 4 Defense
Defense Defense Time % Phy DF OF
1 Randy Jones Roman Josi 50 1 2 2
2 Yannick Weber Jeffrey Foss 50 1 2 2
Last Minutes Offensive
Center Left Wing Right Wing Defense Defense
Martin Hanzal Ladislav Nagy Alexandre Grenier Roman Josi Randy Jones
Last Minutes Defensive
Center Left Wing Right Wing Defense Defense
Martin Hanzal Ladislav Nagy Alexandre Grenier Roman Josi Randy Jones
Goaltenders
Starting : Matt Hackett
Backup : Laurent Brossoit
Extra Forwards
Normal : Max Friberg, Scott Timmins, Blake Pietila - PP : Max Friberg, Scott Timmins - PK : Blake Pietila
Extra Defensemen
Normal : Yannick Weber, Roman Josi, Jeffrey Foss - PP : Yannick Weber - PK : Roman Josi, Jeffrey Foss
Penalty Shots
Martin Hanzal, Ladislav Nagy, Sergei Plotnikov, Zachary Sanford, Patrice Cormier
Scratches
Christophe Lalancette (Healthy), Klas Dahlbeck (Healthy), Matt Grzelcyk (Healthy), Remi Elie (Healthy), Jyrki Jokipakka (Healthy)
Mackenzie MacEachern (Healthy), Ben Maxwell (Healthy), Nicolas Deschamps (Healthy), Keaton Ellerby (Groin Injury), Angelo Esposito (Healthy)
Jacob Lagacé (Healthy), Ebbe Siönäs (Healthy), Sami Aittokallio (Healthy), Jeremy Smith (Healthy)
Remparts
5 vs 5 Forward
Center Left Wing Right Wing Time % Phy DF OF
1 Max Reinhart Pontus Aberg Guillaume Desbiens 40 1 2 2
2 Cédric Lalonde-McNicoll Daniel Paille Ryan Strome 30 1 2 2
3 Brandon Mashinter Roberts Lipsbergs Nail Yakupov 20 1 2 2
4 Chris Mueller Juuso Ikonen Justin Williams 10 1 2 2
5 vs 5 Defense
Defense Defense Time % Phy DF OF
1 Brandon Gormley Michal Jordan 40 1 2 2
2 Griffin Reinhart Niklas Hansson 30 1 2 2
3 Keaton Thompson Michael Downing 20 1 2 2
4 Brandon Gormley Michal Jordan 10 1 2 2
PowerPlay Forward
Center Left Wing Right Wing Time % Phy DF OF
1 Max Reinhart Pontus Aberg Guillaume Desbiens 60 1 2 2
2 Cédric Lalonde-McNicoll Daniel Paille Ryan Strome 40 1 2 2
PowerPlay Defense
Defense Defense Time % Phy DF OF
1 Brandon Gormley Michal Jordan 60 1 2 2
2 Griffin Reinhart Niklas Hansson 40 1 2 2
Penalty Kill 4 Players Forward
Center Wing Time % Phy DF OF
1 Max Reinhart Daniel Paille 60 1 2 2
2 Cédric Lalonde-McNicoll Ryan Strome 40 1 2 2
Penalty Kill 4 Players Defense
Defense Defense Time % Phy DF OF
1 Brandon Gormley Niklas Hansson 60 1 2 2
2 Michal Jordan Griffin Reinhart 40 1 2 2
Penalty Kill - 3 Players Forward
Forward Time % Phy DF OF
1 Max Reinhart 60 1 2 2
2 Cédric Lalonde-McNicoll 40 1 2 2
Penalty Kill - 3 Players Defense
Defense Defense Time % Phy DF OF
1 Brandon Gormley Niklas Hansson 60 1 2 2
2 Michal Jordan Griffin Reinhart 40 1 2 2
4 vs 4 Forward
Center Wing Time % Phy DF OF
1 Max Reinhart Pontus Aberg 60 1 2 2
2 Cédric Lalonde-McNicoll Ryan Strome 40 1 2 2
4 vs 4 Defense
Defense Defense Time % Phy DF OF
1 Brandon Gormley Michal Jordan 60 1 2 2
2 Griffin Reinhart Niklas Hansson 40 1 2 2
Last Minutes Offensive
Center Left Wing Right Wing Defense Defense
Max Reinhart Pontus Aberg Guillaume Desbiens Brandon Gormley Michal Jordan
Last Minutes Defensive
Center Left Wing Right Wing Defense Defense
Max Reinhart Daniel Paille Ryan Strome Brandon Gormley Niklas Hansson
Goaltenders
Starting : Jason Missiaen
Backup : Tyler Plante
Extra Forwards
Normal : Ryan Strome, Nail Yakupov, Max Reinhart - PP : Ryan Strome, Nail Yakupov - PK : Brandon Mashinter
Extra Defensemen
Normal : Griffin Reinhart, Brandon Gormley, Michal Jordan - PP : Griffin Reinhart - PK : Griffin Reinhart, Michal Jordan
Penalty Shots
Daniel Paille, Ryan Strome, Max Reinhart, Brandon Mashinter, Pontus Aberg
Scratches
Viktor Baldayev (Head Injury), Kyle Platzer (Healthy), Connor Honey (Healthy), Anton Zlobin (Healthy), Mitchell Heard (Healthy)
Tim Bozon (Healthy), Igor Bobkov (Healthy), François Brassard (Healthy)
% Time on Ice - Blackdemons
Lines # - Real PCT - Wanted PCT - Time Play
Normal Forward
1 - 33% - 36% - 17:37
2 - 31% - 30% - 16:46
3 - 24% - 24% - 13:03
4 - 12% - 10% - 6:31
Normal Defense
1 - 41% - 40% - 22:12
2 - 30% - 30% - 16:23
3 - 21% - 22% - 11:30
4 - 7% - 8% - 3:52
PP Forward
1 - 0% - 50%
2 - 0% - 50%
PP Defense
1 - 0% - 50%
2 - 0% - 50%
PK Forward
1 - 50% - 50% - 2:37
2 - 50% - 50% - 2:40
PK Defense
1 - 51% - 50% - 2:41
2 - 49% - 50% - 2:36
PK3 Forward
1 - 0% - 60%
2 - 0% - 40%
PK3 Defense
1 - 0% - 60%
2 - 0% - 40%
44 Forward
1 - 0% - 50%
2 - 0% - 50%
44 Defense
1 - 0% - 50%
2 - 0% - 50%
Last Minute Offensive - 0:46
Last Minute Defensive - 0:00
Total
Forward - 60:00
Defense - 60:00
|
% Time on Ice - Remparts
Lines # - Real PCT - Wanted PCT - Time Play
Normal Forward
1 - 33% - 40% - 17:40
2 - 27% - 30% - 14:44
3 - 22% - 20% - 12:02
4 - 18% - 10% - 9:31
Normal Defense
1 - 37% - 40% - 19:52
2 - 33% - 30% - 17:40
3 - 25% - 20% - 13:37
4 - 5% - 10% - 2:48
PP Forward
1 - 53% - 60% - 2:47
2 - 47% - 40% - 2:30
PP Defense
1 - 70% - 60% - 3:42
2 - 30% - 40% - 1:35
PK Forward
1 - 0% - 60%
2 - 0% - 40%
PK Defense
1 - 0% - 60%
2 - 0% - 40%
PK3 Forward
1 - 0% - 60%
2 - 0% - 40%
PK3 Defense
1 - 0% - 60%
2 - 0% - 40%
44 Forward
1 - 0% - 60%
2 - 0% - 40%
44 Defense
1 - 0% - 60%
2 - 0% - 40%
Last Minute Offensive - 0:00
Last Minute Defensive - 0:46
Total
Forward - 60:00
Defense - 60:00
|
Play-by-Play
1st period
0:01 of 1st period - Martin Hanzal wins face-off versus Max Reinhart in neutral zone.
0:06 of 1st period - Snap shot by Martin Hanzal.
0:06 of 1st period - Shot Blocked by Max Reinhart.
0:08 of 1st period - Slapshot by Roman Josi.
0:08 of 1st period - Stopped by Jason Missiaen with a rebound.
0:10 of 1st period - Slapshot by Alexandre Grenier.
0:10 of 1st period - Stopped by Jason Missiaen with a rebound.
0:12 of 1st period - Wrist shot by Blake Pietila.
0:12 of 1st period - Shot Misses the Net.
0:14 of 1st period - Backhand shot by Alexandre Grenier.
0:14 of 1st period - Stopped by Jason Missiaen with a rebound.
0:45 of 1st period - Wrist shot by Cédric Lalonde-McNicoll.
0:45 of 1st period - Shot Misses the Net.
2:13 of 1st period - Backhand shot by Kyle Rau.
2:13 of 1st period - Stopped by Jason Missiaen with a rebound.
2:15 of 1st period - Slapshot by Randy Jones.
2:15 of 1st period - Shot Misses the Net.
3:40 of 1st period - Backhand shot by Alexandre Grenier.
3:40 of 1st period - Deflect By Martin Hanzal.
3:40 of 1st period - Stopped by Jason Missiaen without a rebound.
3:41 of 1st period - Patrice Cormier wins face-off versus Max Reinhart in Remparts zone.
4:08 of 1st period - Wrist shot by Justin Williams.
4:08 of 1st period - Deflect By Chris Mueller.
4:08 of 1st period - Shot Misses the Net.
4:08 of 1st period - Puck is out of play.
4:09 of 1st period - Ladislav Nagy wins face-off versus Chris Mueller in Blackdemons zone.
5:56 of 1st period - Niklas Hansson is hit by Jeffrey Foss.
6:04 of 1st period - Wrist shot by Zachary Sanford.
6:04 of 1st period - Stopped by Jason Missiaen without a rebound.
6:05 of 1st period - Max Reinhart wins face-off versus Blake Pietila in Remparts zone.
6:18 of 1st period - Icing by Brett Kulak.
6:19 of 1st period - Cédric Lalonde-McNicoll wins face-off versus Martin Hanzal in Blackdemons zone.
6:30 of 1st period - Wrist shot by Daniel Paille.
6:30 of 1st period - Shot Blocked by Brett Kulak.
7:01 of 1st period - Guillaume Desbiens is hit by Robbie Russo and loses puck.
7:23 of 1st period - Icing by Jeffrey Foss.
7:24 of 1st period - Cédric Lalonde-McNicoll wins face-off versus Kyle Rau in Blackdemons zone.
7:25 of 1st period - Snap shot by Daniel Paille.
7:25 of 1st period - Shot Blocked by Jeffrey Foss.
7:27 of 1st period - Slapshot by Michael Downing.
7:27 of 1st period - Shot Blocked by Yannick Weber.
7:29 of 1st period - Slapshot by Michael Downing.
7:29 of 1st period - Shot Blocked by Jeffrey Foss.
7:31 of 1st period - Wrist shot by Ryan Strome.
7:31 of 1st period - Goal by Ryan Strome - Blackdemons : 0 - Remparts : 1.
7:32 of 1st period - Patrice Cormier wins face-off versus Pontus Aberg in neutral zone.
7:39 of 1st period - Snap shot by Zachary Sanford.
7:39 of 1st period - Stopped by Jason Missiaen with a rebound.
7:41 of 1st period - Slapshot by Patrice Cormier.
7:41 of 1st period - Shot Misses the Net.
7:43 of 1st period - Wrist shot by Randy Jones.
7:43 of 1st period - Shot Misses the Net.
7:45 of 1st period - Slapshot by Roman Josi.
7:45 of 1st period - Shot Misses the Net.
7:57 of 1st period - Alexandre Grenier is hit by Ryan Strome.
8:00 of 1st period - Off-side.
8:01 of 1st period - Daniel Paille wins face-off versus Martin Hanzal in neutral zone.
8:32 of 1st period - Slapshot by Martin Hanzal.
8:32 of 1st period - Shot Blocked by Ryan Strome.
8:34 of 1st period - Wrist shot by Alexandre Grenier.
8:34 of 1st period - Shot Misses the Net.
8:36 of 1st period - Slapshot by Roman Josi.
8:36 of 1st period - Deflect By Martin Hanzal.
8:36 of 1st period - Shot Misses the Net.
8:36 of 1st period - Puck is out of play.
8:37 of 1st period - Guillaume Desbiens wins face-off versus Kyle Rau in Remparts zone.
8:44 of 1st period - Snap shot by Guillaume Desbiens.
8:44 of 1st period - Shot Misses the Net.
9:02 of 1st period - Max Reinhart is hit by Scott Timmins and loses puck.
9:37 of 1st period - Zachary Sanford is hit by Brandon Mashinter.
9:38 of 1st period - Zachary Sanford from Blackdemons is injured at 9:38 of 1st period (Bruised Left Foot).
9:39 of 1st period - Kyle Rau wins face-off versus Cédric Lalonde-McNicoll in Blackdemons zone.
10:04 of 1st period - Cédric Lalonde-McNicoll is hit by Jeffrey Foss and loses puck.
10:13 of 1st period - Snap shot by Alexandre Grenier.
10:13 of 1st period - Stopped by Jason Missiaen with a rebound.
10:15 of 1st period - Slapshot by Brett Kulak.
10:15 of 1st period - Deflect By Martin Hanzal.
10:15 of 1st period - Stopped by Jason Missiaen with a rebound.
10:29 of 1st period - Snap shot by Max Friberg.
10:29 of 1st period - Stopped by Jason Missiaen with a rebound.
10:31 of 1st period - Snap shot by Scott Timmins.
10:31 of 1st period - Shot Misses the Net.
10:33 of 1st period - Slapshot by Roman Josi.
10:33 of 1st period - Shot Blocked by Michal Jordan.
10:35 of 1st period - Wrist shot by Max Friberg.
10:35 of 1st period - Shot Misses the Net.
11:17 of 1st period - Snap shot by Martin Hanzal.
11:17 of 1st period - Shot Misses the Net.
11:29 of 1st period - Max Friberg is hit by Chris Mueller and loses puck.
11:38 of 1st period - Snap shot by Max Friberg.
11:38 of 1st period - Shot Blocked by Michael Downing.
11:48 of 1st period - Wrist shot by James Livingstone.
11:48 of 1st period - Stopped by Jason Missiaen with a rebound.
11:50 of 1st period - Wrist shot by James Livingstone.
11:50 of 1st period - Goal by James Livingstone - Blackdemons : 1 - Remparts : 1.
11:51 of 1st period - Martin Hanzal wins face-off versus Max Reinhart in neutral zone.
12:21 of 1st period - Snap shot by Martin Hanzal.
12:21 of 1st period - Stopped by Jason Missiaen with a rebound.
12:23 of 1st period - Snap shot by Patrice Cormier.
12:23 of 1st period - Shot Misses the Net.
12:25 of 1st period - Snap shot by Max Friberg.
12:25 of 1st period - Stopped by Jason Missiaen without a rebound.
12:26 of 1st period - Brandon Mashinter wins face-off versus Patrice Cormier in Remparts zone.
12:39 of 1st period - Jeffrey Foss is hit by Nail Yakupov and loses puck.
13:00 of 1st period - Max Reinhart is hit by Jeffrey Foss and loses puck.
13:13 of 1st period - Cédric Lalonde-McNicoll is hit by Martin Hanzal.
14:37 of 1st period - Martin Hanzal is hit by Keaton Thompson and loses puck.
15:05 of 1st period - Snap shot by Patrice Cormier.
15:05 of 1st period - Deflect By Max Friberg.
15:05 of 1st period - Shot Misses the Net.
15:05 of 1st period - Puck is out of play.
15:06 of 1st period - Max Reinhart wins face-off versus Patrice Cormier in Remparts zone.
15:33 of 1st period - Yannick Weber is hit by Ryan Strome and loses puck.
15:54 of 1st period - Snap shot by Nail Yakupov.
15:54 of 1st period - Shot Misses the Net.
15:56 of 1st period - Slapshot by Michal Jordan.
15:56 of 1st period - Stopped by Matt Hackett with a rebound.
16:14 of 1st period - Snap shot by Griffin Reinhart.
16:14 of 1st period - Deflect By Justin Williams.
16:14 of 1st period - Shot Misses the Net.
16:14 of 1st period - Puck is out of play.
16:15 of 1st period - Scott Timmins wins face-off versus Chris Mueller in Blackdemons zone.
16:20 of 1st period - Justin Williams is hit by Sergei Plotnikov and loses puck.
16:39 of 1st period - Snap shot by Scott Timmins.
16:39 of 1st period - Shot Blocked by Justin Williams.
17:01 of 1st period - Griffin Reinhart is hit by Sergei Plotnikov and loses puck.
17:50 of 1st period - Backhand shot by Sergei Plotnikov.
17:50 of 1st period - Stopped by Jason Missiaen without a rebound.
17:51 of 1st period - Max Reinhart wins face-off versus Martin Hanzal in Remparts zone.
18:01 of 1st period - Minor Penalty to Martin Hanzal for Hooking.
18:02 of 1st period - Max Reinhart wins face-off versus Patrice Cormier in Blackdemons zone.
18:02 of 1st period - Wrist shot by Guillaume Desbiens.
18:02 of 1st period - Stopped by Matt Hackett without a rebound.
18:03 of 1st period - Patrice Cormier wins face-off versus Max Reinhart in Blackdemons zone.
18:12 of 1st period - Snap shot by Max Reinhart.
18:12 of 1st period - Stopped by Matt Hackett without a rebound.
18:13 of 1st period - Patrice Cormier wins face-off versus Max Reinhart in Blackdemons zone.
18:44 of 1st period - Icing by Daniel Paille.
18:45 of 1st period - Kyle Rau wins face-off versus Cédric Lalonde-McNicoll in Remparts zone.
18:50 of 1st period - Wrist shot by Sergei Plotnikov.
18:50 of 1st period - Shot Misses the Net.
18:58 of 1st period - Snap shot by Daniel Paille.
18:58 of 1st period - Stopped by Matt Hackett with a rebound.
19:10 of 1st period - Slapshot by Daniel Paille.
19:10 of 1st period - Shot Misses the Net.
19:12 of 1st period - Wrist shot by Michal Jordan.
19:12 of 1st period - Stopped by Matt Hackett without a rebound.
19:13 of 1st period - Pontus Aberg wins face-off versus Patrice Cormier in Blackdemons zone.
19:20 of 1st period - Slapshot by Max Reinhart.
19:20 of 1st period - Goal by Max Reinhart - Blackdemons : 1 - Remparts : 2.
19:21 of 1st period - Martin Hanzal wins face-off versus Max Reinhart in neutral zone.
19:26 of 1st period - Slapshot by Blake Pietila.
19:26 of 1st period - Shot Blocked by Michal Jordan.
19:28 of 1st period - Slapshot by Roman Josi.
19:28 of 1st period - Deflect By Martin Hanzal.
19:28 of 1st period - Stopped by Jason Missiaen with a rebound.
19:30 of 1st period - Wrist shot by Blake Pietila.
19:30 of 1st period - Stopped by Jason Missiaen without a rebound.
19:31 of 1st period - Max Reinhart wins face-off versus Martin Hanzal in Remparts zone.
19:38 of 1st period - Roman Josi is hit by Pontus Aberg and loses puck.
19:45 of 1st period - Guillaume Desbiens is hit by Blake Pietila and loses puck.
Goals for this period are 1 for Blackdemons vs 2 for Remparts.
Shots for this period are 17 for Blackdemons vs 7 for Remparts.
2nd period
0:01 of 2nd period - Max Reinhart wins face-off versus Patrice Cormier in neutral zone.
0:30 of 2nd period - Slapshot by Ryan Strome.
0:30 of 2nd period - Shot Misses the Net.
0:57 of 2nd period - Snap shot by Daniel Paille.
0:57 of 2nd period - Shot Misses the Net.
1:19 of 2nd period - Wrist shot by Brandon Mashinter.
1:19 of 2nd period - Shot Misses the Net.
1:31 of 2nd period - Ladislav Nagy is hit by Guillaume Desbiens and loses puck.
2:10 of 2nd period - Snap shot by Blake Pietila.
2:10 of 2nd period - Stopped by Jason Missiaen with a rebound.
2:12 of 2nd period - Wrist shot by Alexandre Grenier.
2:12 of 2nd period - Shot Misses the Net.
2:14 of 2nd period - Wrist shot by Blake Pietila.
2:14 of 2nd period - Stopped by Jason Missiaen without a rebound.
2:15 of 2nd period - Patrice Cormier wins face-off versus Pontus Aberg in Remparts zone.
2:38 of 2nd period - Alexandre Grenier is hit by Roberts Lipsbergs and loses puck.
2:47 of 2nd period - Wrist shot by Nail Yakupov.
2:47 of 2nd period - Goal by Nail Yakupov - Blackdemons : 1 - Remparts : 3.
2:48 of 2nd period - Patrice Cormier wins face-off versus Pontus Aberg in neutral zone.
2:55 of 2nd period - Slapshot by Max Friberg.
2:55 of 2nd period - Stopped by Jason Missiaen with a rebound.
2:57 of 2nd period - Snap shot by Max Friberg.
2:57 of 2nd period - Stopped by Jason Missiaen without a rebound.
2:58 of 2nd period - Max Friberg wins face-off versus Max Reinhart in Remparts zone.
3:08 of 2nd period - Minor Penalty to Max Friberg for Roughing.
3:09 of 2nd period - Kyle Rau wins face-off versus Max Reinhart in Blackdemons zone.
3:09 of 2nd period - Kyle Rau is hit by Guillaume Desbiens.
3:44 of 2nd period - Snap shot by Daniel Paille.
3:44 of 2nd period - Stopped by Matt Hackett with a rebound.
4:18 of 2nd period - Sergei Plotnikov is hit by Guillaume Desbiens.
5:08 of 2nd period - Penalty to Max Friberg is over, Max Friberg is back on ice.
5:31 of 2nd period - Off-side.
5:32 of 2nd period - Justin Williams wins face-off versus Patrice Cormier in neutral zone.
5:59 of 2nd period - Snap shot by Alexandre Grenier.
5:59 of 2nd period - Shot Misses the Net.
6:12 of 2nd period - Wrist shot by Ladislav Nagy.
6:12 of 2nd period - Stopped by Jason Missiaen with a rebound.
6:14 of 2nd period - Snap shot by Kyle Rau.
6:14 of 2nd period - Shot Misses the Net.
6:30 of 2nd period - Slapshot by Guillaume Desbiens.
6:30 of 2nd period - Stopped by Matt Hackett without a rebound.
6:31 of 2nd period - Scott Timmins wins face-off versus Max Reinhart in Blackdemons zone.
6:44 of 2nd period - Snap shot by Sergei Plotnikov.
6:44 of 2nd period - Stopped by Jason Missiaen with a rebound.
6:46 of 2nd period - Snap shot by Sergei Plotnikov.
6:46 of 2nd period - Goal by Sergei Plotnikov - Blackdemons : 2 - Remparts : 3.
6:47 of 2nd period - Martin Hanzal wins face-off versus Guillaume Desbiens in neutral zone.
7:20 of 2nd period - Slapshot by Martin Hanzal.
7:20 of 2nd period - Shot Blocked by Brandon Gormley.
7:32 of 2nd period - Wrist shot by Guillaume Desbiens.
7:32 of 2nd period - Deflect By Blake Pietila.
7:32 of 2nd period - Shot Misses the Net.
7:32 of 2nd period - Puck is out of play.
7:33 of 2nd period - Max Friberg wins face-off versus Cédric Lalonde-McNicoll in Blackdemons zone.
7:58 of 2nd period - Niklas Hansson is hit by Hudson Fasching and loses puck.
8:51 of 2nd period - Backhand shot by Guillaume Desbiens.
8:51 of 2nd period - Deflect By Max Reinhart.
8:51 of 2nd period - Stopped by Matt Hackett without a rebound.
8:52 of 2nd period - Max Reinhart wins face-off versus Patrice Cormier in Blackdemons zone.
9:09 of 2nd period - Pontus Aberg is hit by Scott Timmins and loses puck.
9:42 of 2nd period - Slapshot by Brandon Gormley.
9:42 of 2nd period - Shot Misses the Net.
9:44 of 2nd period - Slapshot by Max Reinhart.
9:44 of 2nd period - Shot Blocked by Max Friberg.
9:46 of 2nd period - Snap shot by Guillaume Desbiens.
9:46 of 2nd period - Shot Misses the Net.
9:48 of 2nd period - Slapshot by Michal Jordan.
9:48 of 2nd period - Deflect By Max Reinhart.
9:48 of 2nd period - Stopped by Matt Hackett without a rebound.
9:49 of 2nd period - Martin Hanzal wins face-off versus Cédric Lalonde-McNicoll in Blackdemons zone.
10:00 of 2nd period - Martin Hanzal is hit by Ryan Strome and loses puck.
10:20 of 2nd period - Icing by Kyle Rau.
10:21 of 2nd period - Kyle Rau wins face-off versus Brandon Mashinter in Blackdemons zone.
10:46 of 2nd period - Icing by Randy Jones.
10:47 of 2nd period - Cédric Lalonde-McNicoll wins face-off versus Martin Hanzal in Blackdemons zone.
11:01 of 2nd period - Off-side.
11:02 of 2nd period - Kyle Rau wins face-off versus Max Reinhart in neutral zone.
11:07 of 2nd period - Snap shot by Yannick Weber.
11:07 of 2nd period - Stopped by Jason Missiaen with a rebound.
11:09 of 2nd period - Wrist shot by Kyle Rau.
11:09 of 2nd period - Blackdemons goal is going for a video replay.
11:09 of 2nd period - The goal is good.
11:09 of 2nd period - Goal by Kyle Rau - Blackdemons : 3 - Remparts : 3.
11:10 of 2nd period - Martin Hanzal wins face-off versus Max Reinhart in neutral zone.
12:00 of 2nd period - Yannick Weber is hit by Nail Yakupov and loses puck.
12:26 of 2nd period - Wrist shot by Guillaume Desbiens.
12:26 of 2nd period - Shot Misses the Net.
12:28 of 2nd period - Slapshot by Niklas Hansson.
12:28 of 2nd period - Shot Blocked by Robbie Russo.
12:30 of 2nd period - Wrist shot by Pontus Aberg.
12:30 of 2nd period - Shot Misses the Net.
12:32 of 2nd period - Wrist shot by Niklas Hansson.
12:32 of 2nd period - Shot Misses the Net.
12:34 of 2nd period - Wrist shot by Max Reinhart.
12:34 of 2nd period - Stopped by Matt Hackett without a rebound.
12:35 of 2nd period - Kyle Rau wins face-off versus Cédric Lalonde-McNicoll in Blackdemons zone.
13:00 of 2nd period - Jeffrey Foss is hit by Guillaume Desbiens and loses puck.
14:08 of 2nd period - Yannick Weber is hit by Ryan Strome.
14:28 of 2nd period - Slapshot by Max Reinhart.
14:28 of 2nd period - Stopped by Matt Hackett with a rebound.
14:30 of 2nd period - Wrist shot by Niklas Hansson.
14:30 of 2nd period - Stopped by Matt Hackett with a rebound.
14:32 of 2nd period - Snap shot by Niklas Hansson.
14:32 of 2nd period - Deflect By Guillaume Desbiens.
14:32 of 2nd period - Shot Misses the Net.
14:32 of 2nd period - Puck is out of play.
14:33 of 2nd period - Kyle Rau wins face-off versus Max Reinhart in Blackdemons zone.
15:18 of 2nd period - Off-side.
15:19 of 2nd period - Martin Hanzal wins face-off versus Brandon Mashinter in neutral zone.
16:00 of 2nd period - Snap shot by Nail Yakupov.
16:00 of 2nd period - Shot Misses the Net.
16:18 of 2nd period - Brandon Gormley is hit by Robbie Russo.
16:22 of 2nd period - Ladislav Nagy is hit by Brandon Mashinter and loses puck.
16:27 of 2nd period - Snap shot by Brandon Mashinter.
16:27 of 2nd period - Shot Blocked by Robbie Russo.
16:29 of 2nd period - Snap shot by Brandon Mashinter.
16:29 of 2nd period - Shot Blocked by Brett Kulak.
16:31 of 2nd period - Snap shot by Brandon Mashinter.
16:31 of 2nd period - Shot Misses the Net.
16:33 of 2nd period - Snap shot by Roberts Lipsbergs.
16:33 of 2nd period - Stopped by Matt Hackett with a rebound.
16:35 of 2nd period - Slapshot by Griffin Reinhart.
16:35 of 2nd period - Shot Hit the Post.
16:37 of 2nd period - Snap shot by Brandon Mashinter.
16:37 of 2nd period - Stopped by Matt Hackett with a rebound.
16:39 of 2nd period - Slapshot by Griffin Reinhart.
16:39 of 2nd period - Stopped by Matt Hackett without a rebound.
16:40 of 2nd period - Max Reinhart wins face-off versus Martin Hanzal in Blackdemons zone.
16:41 of 2nd period - Snap shot by Guillaume Desbiens.
16:41 of 2nd period - Stopped by Matt Hackett without a rebound.
16:42 of 2nd period - Max Reinhart wins face-off versus Martin Hanzal in Blackdemons zone.
17:14 of 2nd period - Slapshot by Randy Jones.
17:14 of 2nd period - Shot Blocked by Michael Downing.
17:16 of 2nd period - Snap shot by Roman Josi.
17:16 of 2nd period - Stopped by Jason Missiaen with a rebound.
17:18 of 2nd period - Wrist shot by Max Friberg.
17:18 of 2nd period - Stopped by Jason Missiaen with a rebound.
17:49 of 2nd period - Guillaume Desbiens is hit by Martin Hanzal and loses puck.
18:06 of 2nd period - Ladislav Nagy is hit by Cédric Lalonde-McNicoll and loses puck.
18:26 of 2nd period - Pontus Aberg is hit by Max Friberg and loses puck.
19:35 of 2nd period - Keaton Thompson is hit by Sergei Plotnikov and loses puck.
19:48 of 2nd period - Brett Kulak is hit by Roberts Lipsbergs and loses puck.
Goals for this period are 2 for Blackdemons vs 1 for Remparts.
Shots for this period are 11 for Blackdemons vs 12 for Remparts.
3rd period
0:01 of 3rd period - Max Reinhart wins face-off versus Martin Hanzal in neutral zone.
1:47 of 3rd period - Wrist shot by Justin Williams.
1:47 of 3rd period - Stopped by Matt Hackett without a rebound.
1:48 of 3rd period - Kyle Rau wins face-off versus Max Reinhart in Blackdemons zone.
1:58 of 3rd period - Slapshot by Michal Jordan.
1:58 of 3rd period - Shot Misses the Net.
2:00 of 3rd period - Slapshot by Max Reinhart.
2:00 of 3rd period - Shot Misses the Net.
2:02 of 3rd period - Snap shot by Guillaume Desbiens.
2:02 of 3rd period - Stopped by Matt Hackett with a rebound.
2:04 of 3rd period - Snap shot by Pontus Aberg.
2:04 of 3rd period - Deflect By Roman Josi.
2:04 of 3rd period - Shot Misses the Net.
2:04 of 3rd period - Puck is out of play.
2:05 of 3rd period - Cédric Lalonde-McNicoll wins face-off versus Martin Hanzal in Blackdemons zone.
2:06 of 3rd period - Wrist shot by Daniel Paille.
2:06 of 3rd period - Stopped by Matt Hackett with a rebound.
2:08 of 3rd period - Snap shot by Ryan Strome.
2:08 of 3rd period - Deflect By Cédric Lalonde-McNicoll.
2:08 of 3rd period - Shot Blocked by Randy Jones.
2:08 of 3rd period - Puck is out of play.
2:09 of 3rd period - Daniel Paille wins face-off versus Martin Hanzal in Blackdemons zone.
2:15 of 3rd period - Off-side.
2:16 of 3rd period - Martin Hanzal wins face-off versus Max Reinhart in neutral zone.
3:05 of 3rd period - Yannick Weber is hit by Griffin Reinhart and loses puck.
3:10 of 3rd period - Wrist shot by Brandon Mashinter.
3:10 of 3rd period - Stopped by Matt Hackett with a rebound.
3:12 of 3rd period - Slapshot by Roberts Lipsbergs.
3:12 of 3rd period - Stopped by Matt Hackett with a rebound.
4:00 of 3rd period - Backhand shot by Daniel Paille.
4:00 of 3rd period - Stopped by Matt Hackett without a rebound.
4:01 of 3rd period - Cédric Lalonde-McNicoll wins face-off versus Patrice Cormier in Blackdemons zone.
4:02 of 3rd period - Wrist shot by Daniel Paille.
4:02 of 3rd period - Shot Misses the Net.
4:07 of 3rd period - Off-side.
4:08 of 3rd period - Guillaume Desbiens wins face-off versus Patrice Cormier in neutral zone.
4:44 of 3rd period - Off-side.
4:45 of 3rd period - Patrice Cormier wins face-off versus Brandon Mashinter in neutral zone.
4:58 of 3rd period - Slapshot by Patrice Cormier.
4:58 of 3rd period - Shot Blocked by Griffin Reinhart.
5:10 of 3rd period - Blake Pietila is hit by Guillaume Desbiens and loses puck.
5:35 of 3rd period - Randy Jones is hit by Michael Downing and loses puck.
6:12 of 3rd period - Snap shot by Martin Hanzal.
6:12 of 3rd period - Stopped by Jason Missiaen without a rebound.
6:13 of 3rd period - Martin Hanzal wins face-off versus Brandon Mashinter in Remparts zone.
7:02 of 3rd period - Niklas Hansson is hit by Kyle Rau and loses puck.
7:45 of 3rd period - Wrist shot by Brandon Mashinter.
7:45 of 3rd period - Stopped by Matt Hackett without a rebound.
7:46 of 3rd period - Brandon Mashinter wins face-off versus Scott Timmins in Blackdemons zone.
8:13 of 3rd period - Michal Jordan is hit by Hudson Fasching and loses puck.
8:32 of 3rd period - Off-side.
8:33 of 3rd period - Max Reinhart wins face-off versus Patrice Cormier in neutral zone.
8:48 of 3rd period - Snap shot by Pontus Aberg.
8:48 of 3rd period - Stopped by Matt Hackett without a rebound.
8:49 of 3rd period - Martin Hanzal wins face-off versus Cédric Lalonde-McNicoll in Blackdemons zone.
9:16 of 3rd period - Icing by Daniel Paille.
9:17 of 3rd period - Cédric Lalonde-McNicoll wins face-off versus Scott Timmins in Remparts zone.
9:52 of 3rd period - Slapshot by Martin Hanzal.
9:52 of 3rd period - Stopped by Jason Missiaen with a rebound.
10:28 of 3rd period - Wrist shot by Justin Williams.
10:28 of 3rd period - Shot Misses the Net.
10:30 of 3rd period - Slapshot by Brandon Gormley.
10:30 of 3rd period - Stopped by Matt Hackett without a rebound.
10:31 of 3rd period - Chris Mueller wins face-off versus Martin Hanzal in Blackdemons zone.
10:44 of 3rd period - Slapshot by Martin Hanzal.
10:44 of 3rd period - Deflect By Griffin Reinhart.
10:44 of 3rd period - Shot Misses the Net.
10:44 of 3rd period - Puck is out of play.
10:45 of 3rd period - Max Reinhart wins face-off versus Martin Hanzal in Remparts zone.
11:00 of 3rd period - Backhand shot by Max Reinhart.
11:00 of 3rd period - Shot Misses the Net.
11:35 of 3rd period - Nail Yakupov is hit by Robbie Russo and loses puck.
11:42 of 3rd period - Slapshot by Griffin Reinhart.
11:42 of 3rd period - Stopped by Matt Hackett with a rebound.
11:44 of 3rd period - Slapshot by Griffin Reinhart.
11:44 of 3rd period - Deflect By Brandon Mashinter.
11:44 of 3rd period - Stopped by Matt Hackett without a rebound.
11:45 of 3rd period - Martin Hanzal wins face-off versus Guillaume Desbiens in Blackdemons zone.
11:47 of 3rd period - Minor Penalty to Martin Hanzal for Tripping.
11:48 of 3rd period - Kyle Rau wins face-off versus Max Reinhart in Blackdemons zone.
13:08 of 3rd period - Icing by Daniel Paille.
13:09 of 3rd period - Kyle Rau wins face-off versus Cédric Lalonde-McNicoll in Remparts zone.
13:24 of 3rd period - Snap shot by Griffin Reinhart.
13:24 of 3rd period - Shot Misses the Net.
13:26 of 3rd period - Slapshot by Pontus Aberg.
13:26 of 3rd period - Shot Misses the Net.
13:47 of 3rd period - Penalty to Martin Hanzal is over, Martin Hanzal is back on ice.
14:18 of 3rd period - Blake Pietila is hit by Nail Yakupov and loses puck.
15:25 of 3rd period - Max Friberg is hit by Michal Jordan.
15:29 of 3rd period - Sergei Plotnikov is hit by Justin Williams and loses puck.
15:42 of 3rd period - Snap shot by Guillaume Desbiens.
15:42 of 3rd period - Shot Misses the Net.
16:14 of 3rd period - Icing by Ryan Strome.
16:15 of 3rd period - Cédric Lalonde-McNicoll wins face-off versus Scott Timmins in Remparts zone.
16:15 of 3rd period - Cédric Lalonde-McNicoll is hit by Roman Josi.
16:27 of 3rd period - Snap shot by Daniel Paille.
16:27 of 3rd period - Shot Misses the Net.
16:51 of 3rd period - Michael Downing is hit by Roman Josi and loses puck.
17:14 of 3rd period - Snap shot by Brandon Mashinter.
17:14 of 3rd period - Goal by Brandon Mashinter - Blackdemons : 3 - Remparts : 4.
17:15 of 3rd period - Kyle Rau wins face-off versus Max Reinhart in neutral zone.
17:47 of 3rd period - Backhand shot by Nail Yakupov.
17:47 of 3rd period - Shot Misses the Net.
18:06 of 3rd period - Off-side.
18:07 of 3rd period - Daniel Paille wins face-off versus Kyle Rau in neutral zone.
18:22 of 3rd period - Icing by Cédric Lalonde-McNicoll.
18:23 of 3rd period - Cédric Lalonde-McNicoll wins face-off versus Martin Hanzal in Remparts zone.
18:51 of 3rd period - Off-side.
18:52 of 3rd period - Ron Wilson call a timeout for Blackdemons.
18:52 of 3rd period - Max Reinhart wins face-off versus Kyle Rau in neutral zone.
19:11 of 3rd period - Blackdemons, Matt Hackett is pulled from the net.
19:13 of 3rd period - Wrist shot by Ladislav Nagy.
19:13 of 3rd period - Stopped by Jason Missiaen without a rebound.
19:14 of 3rd period - Martin Hanzal wins face-off versus Max Reinhart in Remparts zone.
19:15 of 3rd period - Slapshot by Ladislav Nagy.
19:15 of 3rd period - Shot Misses the Net.
19:31 of 3rd period - Snap shot by Martin Hanzal.
19:31 of 3rd period - Stopped by Jason Missiaen with a rebound.
19:33 of 3rd period - Slapshot by Robbie Russo.
19:33 of 3rd period - Deflect By Ladislav Nagy.
19:33 of 3rd period - Stopped by Jason Missiaen without a rebound.
19:34 of 3rd period - Max Reinhart wins face-off versus Ladislav Nagy in Remparts zone.
Goals for this period are 0 for Blackdemons vs 1 for Remparts.
Shots for this period are 5 for Blackdemons vs 12 for Remparts.
Back to the Top